 Dungeon Crawl Stone Soup version 0.24.0-2-g5b39cebb1c (webtiles) character file.

Game seed: 14307477678986500814, levelgen mode: deterministic

635979 kirsanium the Axe Maniac (level 27, -18/268 (273) HPs)
             Began as a Deep Dwarf Fighter on Oct 29, 2019.
             Was the Champion of Makhleb.
             Collided with an unnaturally hard rock wall (26 damage)
             ... caused by an ancient lich
             ... on level 5 of the Realm of Zot on Oct 30, 2019.
             The game lasted 01:56:28 (48374 turns).

kirsanium the Axe Maniac (Deep Dwarf Fighter)      Turns: 48374, Time: 01:56:30

HP:   -18/268 (273) AC:  0    Str: 29 (32) XL:     27
MP:   14/22         EV: 29    Int:  7 (10) God:    Makhleb [******]
Gold: 4409          SH:  0    Dex: 11 (12) Spells: 26/26 levels left

rFire    . . .     SeeInvis .   (weapon currently unavailable)
rCold    . . .     Gourm    .   (shield currently unavailable)
rNeg     + + .     Faith    .   (armour currently unavailable)
rPois    .         Spirit   .   (helmet currently unavailable)
rElec    .         Reflect  .   (cloak currently unavailable)
rCorr    .         Harm     .   (gloves currently unavailable)
MR       +++++     Clarity  +   (boots currently unavailable)
Stlth    +.........             P - amulet of the Four Winds {rN+ MR+++ Clar}
HPRegen  0.00/turn              (ring currently unavailable)
MPRegen  0.18/turn              (ring currently unavailable)

@: pig-form, no potions, non-regenerating, slowed
A: small, damage resistance, heal wounds, negative energy resistance 1, sense
surroundings 3, no regeneration
}: 3/15 runes: serpentine, barnacled, silver
a: Heal Wounds, Minor Destruction, Lesser Servant of Makhleb, Major Destruction,
Greater Servant of Makhleb, Renounce Religion


You were on level 5 of the Realm of Zot.
You worshipped Makhleb.
Makhleb was exalted by your worship.
You were very hungry.
You were a filthy swine.
You visited 11 branches of the dungeon, and saw 51 of its levels.
You visited 1 bazaar.
You also visited: Gauntlet.

You collected 8026 gold pieces.
You spent 3617 gold pieces at shops.

Inventory:

Hand Weapons
 c - a +9 vampiric executioner's axe (melded)
Missiles
 O - 104 silver javelins
 X - 11 throwing nets (quivered)
Armour
 b - +9 gold dragon scales (melded)
 g - the +0 pair of gloves of the Sea (melded) {rPois rF+ rC+ Str+2}
   (You found it on level 3 of the Vaults)

   It affects your strength (+2).
   It protects you from fire.
   It protects you from cold.
   It protects you from poison.
 q - a +2 cloak (melded)
 x - the +0 helmet of the Bull {rF- Regen+ Str+9 Int+3}
   (You bought it in a shop on level 2 of the Orcish Mines)

   It affects your strength (+9).
   It affects your intelligence (+3).
   It makes you vulnerable to fire.
   It increases your rate of regeneration.
 C - the +5 pair of boots of Hadjma (melded) {Stlth+}
   (You acquired it on level 2 of the Vaults)

   It makes you more stealthy.
Jewellery
 j - the ring of Unogoni (melded) {rPois rN+ MP-9 Str+2 Int+4 Dex+3}
   (You found it on level 2 of the Depths)

   [ring of poison resistance]

   It affects your strength (+2).
   It affects your intelligence (+4).
   It affects your dexterity (+3).
   It protects you from poison.
   It protects you from negative energy.
   It affects your magic capacity (-9).
 v - an uncursed ring of protection from fire
 L - the ring of Myp Kago (melded) {*Contam rElec rPois rCorr Str+7}
   (You took it off a centaur on level 7 of the Dungeon)

   [ring of resist corrosion]

   It affects your strength (+7).
   It insulates you from electricity.
   It protects you from poison.
   It causes magical contamination when unequipped.
   It provides partial protection from all sources of acid and corrosion.
 N - the ring "Jujeggen" {rC+ rCorr}
   (You found it on level 2 of the Depths)

   [ring of resist corrosion]

   It protects you from cold.
   It provides partial protection from all sources of acid and corrosion.
 P - the amulet of the Four Winds (around neck) {rN+ MR+++ Clar}
   (You found it on level 8 of the Dungeon)

   [amulet of nothing]

   It protects you from negative energy.
   It affects your resistance to hostile enchantments.
   It protects you against confusion.
Wands
 a - a wand of clouds (15)
 m - a wand of enslavement (28)
 n - a wand of digging (13)
 p - a wand of acid (56)
 z - a wand of disintegration (1)
 D - a wand of iceblast (12)
 S - a wand of flame (105)
 T - a wand of scattershot (13)
 Z - a wand of paralysis (44)
Scrolls
 e - 4 scrolls of brand weapon
 l - 12 scrolls of fear
 o - 7 scrolls of identify
 w - 9 scrolls of blinking
 y - 3 scrolls of torment
 G - 6 scrolls of fog
 H - 19 scrolls of teleportation
 I - 33 scrolls of remove curse
 J - 6 scrolls of immolation
 K - 10 scrolls of magic mapping
 M - 2 scrolls of silence
 Y - a scroll of summoning
Potions
 d - 13 potions of might
 h - 21 potions of curing
 i - 8 potions of flight
 k - 18 potions of heal wounds
 s - 5 potions of lignification
 t - 2 potions of invisibility
 u - 9 potions of brilliance
 A - 5 potions of mutation
 B - 10 potions of agility
 E - 5 potions of berserk rage
 F - 4 potions of ambrosia
 Q - 6 potions of magic
 R - a potion of cancellation
 U - 13 potions of haste
 W - a potion of resistance
Comestibles
 f - 82 rations


   Skills:
 - Level 21.0 Fighting
 O Level 27 Axes
 - Level 22.0 Armour
 + Level 24.7 Dodging
   Level 15.0 Shields
 - Level 10.0 Evocations


You had 26 spell levels left.
You didn't know any spells.
Your spell library contained the following spells:

 Spells                   Type           Power        Failure   Level  Hunger
 Animate Skeleton         Necr           N/A          43%         1    ##.....
 Apportation              Tloc           #.....       43%         1    ##.....
 Beastly Appendage        Tmut           #.....       43%         1    ##.....
 Confusing Touch          Hex            #.....       43%         1    ##.....
 Corona                   Hex            #......      43%         1    ##.....
 Freeze                   Ice            #...         43%         1    ##.....
 Infusion                 Chrm           #...         43%         1    ##.....
 Magic Dart               Conj           #...         43%         1    ##.....
 Pain                     Necr           #...         43%         1    ##.....
 Sandblast                Erth           #.....       43%         1    ##.....
 Shock                    Conj/Air       #...         43%         1    ##.....
 Sting                    Conj/Pois      #...         43%         1    ##.....
 Summon Butterflies       Summ           #.......     43%         1    ##.....
 Summon Small Mammal      Summ           #...         43%         1    ##.....
 Blink                    Tloc           N/A          56%         2    ###....
 Call Imp                 Summ           #.......     56%         2    ###....
 Corpse Rot               Necr           N/A          56%         2    ###....
 Poisonous Vapours        Pois/Air       #.....       56%         2    ###....
 Shroud of Golubria       Chrm/Tloc      #.....       56%         2    ###....
 Slow                     Hex            #.......     56%         2    ###....
 Song of Slaying          Chrm           #.......     56%         2    ###....
 Sticks to Snakes         Tmut           #.......     56%         2    ###....
 Sublimation of Blood     Necr           #.........   56%         2    ###....
 Swiftness                Chrm/Air       #.......     56%         2    ###....
 Throw Frost              Conj/Ice       #.....       56%         2    ###....
 Call Canine Familiar     Summ           #.......     80%         3    ####...
 Confuse                  Hex            #.......     80%         3    ####...
 Conjure Flame            Conj/Fire      #.......     80%         3    ####...
 Gell's Gravitas          Tloc           #.........   80%         3    ####...
 Ignite Poison            Fire/Tmut/Pois #.......     80%         3    ####...
 Inner Flame              Hex/Fire       #.......     80%         3    ####...
 Lesser Beckoning         Tloc           #.........   80%         3    ####...
 Mephitic Cloud           Conj/Pois/Air  #.......     80%         3    ####...
 Ozocubu's Armour         Chrm/Ice       #.......     80%         3    ####...
 Portal Projectile        Hex/Tloc       #.....       80%         3    ####...
 Recall                   Summ/Tloc      N/A          80%         3    ####...
 Spectral Weapon          Hex/Chrm       #.......     80%         3    ####...
 Spider Form              Tmut/Pois      #.........   80%         3    ####...
 Static Discharge         Conj/Air       #.......     80%         3    ####...
 Summon Guardian Golem    Hex/Summ       #.......     80%         3    ####...
 Tukima's Dance           Hex            #.......     80%         3    ####...
 Vampiric Draining        Necr           #.........   80%         3    ####...
 Airstrike                Air            #.........   99%         4    #####..
 Animate Dead             Necr           N/A          99%         4    #####..
 Cause Fear               Hex            #.........   99%         4    #####..
 Force Lance              Conj/Tloc      #.......     99%         4    #####..
 Ice Form                 Ice/Tmut       #.......     99%         4    #####..
 Leda's Liquefaction      Hex/Erth       #.........   99%         4    #####..
 Olgreb's Toxic Radiance  Pois           #.......     99%         4    #####..
 Petrify                  Tmut/Erth      #.......     99%         4    #####..
 Summon Ice Beast         Ice/Summ       #.......     99%         4    #####..
 Summon Lightning Spire   Summ/Air       #.......     99%         4    #####..
 Throw Icicle             Conj/Ice       #.......     99%         4    #####..
 Agony                    Necr           #.......     100%        5    ######.
 Alistair's Intoxication  Tmut/Pois      #.......     100%        5    ######.
 Blade Hands              Tmut           #.........   100%        5    ######.
 Bolt of Draining         Conj/Necr      #.........   100%        5    ######.
 Bolt of Magma            Conj/Fire/Erth #.........   100%        5    ######.
 Borgnjor's Vile Clutch   Necr/Erth      #.........   100%        5    ######.
 Dispel Undead            Necr           #.......     100%        5    ######.
 Excruciating Wounds      Chrm/Necr      #.........   100%        5    ######.
 Irradiate                Conj/Tmut      #.........   100%        5    ######.
 Iskenderun's Battlesphe  Conj/Chrm      #.......     100%        5    ######.
 Lee's Rapid Deconstruct  Erth           #.........   100%        5    ######.
 Lightning Bolt           Conj/Air       #.........   100%        5    ######.
 Metabolic Englaciation   Hex/Ice        #.........   100%        5    ######.
 Silence                  Hex/Air        #.........   100%        5    ######.
 Venom Bolt               Conj/Pois      #.........   100%        5    ######.
 Yara's Violent Unravell  Hex/Tmut       #.........   100%        5    ######.
 Conjure Ball Lightning   Conj/Air       #.........   100%        6    #######
 Death Channel            Necr           #.........   100%        6    #######
 Deflect Missiles         Chrm/Air       #.........   100%        6    #######
 Dispersal                Tloc           #.........   100%        6    #######
 Freezing Cloud           Conj/Ice/Air   #.........   100%        6    #######
 Hydra Form               Tmut           #.........   100%        6    #######
 Invisibility             Hex            #.......     100%        6    #######
 Iron Shot                Conj/Erth      #.........   100%        6    #######
 Shadow Creatures         Summ           N/A          100%        6    #######
 Simulacrum               Ice/Necr       #.........   100%        6    #######
 Statue Form              Tmut/Erth      #........    100%        6    #######
 Dragon Form              Tmut           #.........   100%        7    #######
 Haunt                    Necr/Summ      #.........   100%        7    #######
 Orb of Destruction       Conj           #.........   100%        7    #######
 Ring of Flames           Chrm/Fire      #.........   100%        7    #######
 Spellforged Servitor     Conj/Summ      #.........   100%        7    #######
 Borgnjor's Revivificati  Necr           #.........   100%        8    #######
 Controlled Blink         Tloc           N/A          100%        8    #######
 Death's Door             Chrm/Necr      #.........   100%        8    #######
 Disjunction              Tloc           #.........   100%        8    #######
 Ignition                 Fire           #.........   100%        8    #######
 Infestation              Necr           #.........   100%        8    #######
 Necromutation            Tmut/Necr      #.........   100%        8    #######
 Shatter                  Erth           #.........   100%        9    #######
 Tornado                  Air            #.........   100%        9    #######
 Regeneration             Chrm/Necr      Unusable     N/A         3    N/A

Dungeon Overview and Level Annotations

Branches:
Dungeon (15/15)            Temple (1/1) D:7            Lair (6/6) D:9
 Shoals (4/4) Lair:4        Snake (4/4) Lair:2        Slime (0/5) Lair:6
    Orc (2/2) D:12            Elf (3/3) Orc:2        Vaults (5/5) D:14
  Crypt (0/3) Vaults:3     Depths (5/5) D:15           Hell (visited)
    Dis (0/7) Hell            Geh (0/7) Hell            Coc (0/7) Hell
    Tar (0/7) Hell            Zot (5/5) Depths:5    Gauntlet (visited)

Altars:
Ashenzari
Cheibriados
Elyvilon
Fedhas
Gozag
Hepliaklqana
Kikubaaqudgha
Makhleb
Okawaru
Qazlal
Ru
Sif Muna
Trog
Uskayaw
Vehumet
Wu Jian
Xom
Yredelemnul
Zin
Beogh

Shops:
D:5 *   D:9 [   D:11 !   Orc:1 =   Orc:2 ??!:[   Elf:1 }==   Shoals:3 }!
Vaults:2 (   Vaults:3 **   Depths:5 [!

Portals:
Hell: Depths:1 Depths:2 Depths:3 Depths:4 Depths:5
Abyss: Depths:4 Depths:5
Pandemonium: Depths:2 Depths:3 Depths:5
Ziggurat: Depths:5

Annotations:
D:4 1 runed translucent door, erzklaus's ghost, amateur DrCj
D:6 2 runed translucent doors, Mrkan's ghost, novice TrMo
D:9 3 runed translucent doors, NeAGen181's ghost, novice DDNe
D:14 2 runed translucent doors, Imiczer's ghost, journeyman FoFi
Lair:3 2 transporters
Lair:4 exclusion: 2 oklob plants
Orc:2 2 runed translucent doors, deadmann's ghost, journeyman MiFi
Vaults:3 3 runed translucent doors, exclusion: obsidian statue, garrulousMonolith's ghost, veteran GnFi


Innate Abilities, Weirdness & Mutations

You are resistant to damage.
You can heal yourself by infusing magical energy.
You resist negative energy. (rN+)
You passively map a large area around you.
You do not regenerate.
((You have a pair of small antennae on your head.))
((You have large cloven feet.))
((Armour fits poorly on your strangely shaped body.))
((Your flesh is heat resistant. (rF+)))


Message History

You feel haunted.
You are too injured to fight recklessly!
Unknown command.
You are too injured to fight recklessly!
Unknown command.
Okay, then.
The Orb Guardian hits you!!
* * * LOW HITPOINT WARNING * * *
The phantasmal warrior hits you!!
* * * LOW HITPOINT WARNING * * *
The Orb Guardian hits you.
The freezing wraith disappears!
The phantom misses you. The phantom hits you.
The phantasmal warrior blinks!
You hear some strange, mumbled words.
A lance of force appears from out of thin air!
The lance of force hits you!!!
* * * LOW HITPOINT WARNING * * *
You are knocked back by the lance of force.
You slam into the unnaturally hard rock wall!
You die...

,, .X.............#
##.......... .............^.#
#.......... ,...!.W..^......#
##.......... ............^..#
#........... §.........WW...#
##...........
......^...Wp.W.###............
,,
........DW..X.###...##########
,, ......L....X.##....##
............^h...###
....##▓▓▓▓▓▓▓▓▓▓▓# ..^., ,, ,
..$ ,, .. ,,, , , , , , ,, , *
,, , , , , * , ,, ,, , , ,, ,
, , * , ,


You could see a Killer Klown, a shadow dragon, an ancient lich, 2 Orb Guardians,
a phantom and 3 wraiths.

Vanquished Creatures
  An orb of fire (Zot:1)
  A juggernaut (Depths:4)
  An ancient lich (Depths:2)
  Saint Roka (Vaults:1)
  Vashnia (Snake:4)
  A caustic shrike (Depths:4)
  Geryon (Hell)
  12 golden dragons
  the Enchantress (Depths:2)
  An electric golem (Zot:2)
  8 Orb Guardians (Zot:5)
  3 liches
  20 tentacled monstrosities
  3 deep elf blademasters (Elf:3)
  10 quicksilver dragons
  3 titans
  2 deep elf master archers (Elf:3)
  11 death cobs
  A sphinx (Vaults:4)
  13 shadow dragons
  15 storm dragons
  A revenant (Hell)
  Roxanne (Elf:2)
  12 fire giants
  6 tengu reavers (Vaults:5)
  11 draconian monks
  9 nagarajas
  14 frost giants
  2 ghost moths (Zot:4)
  6 draconian scorchers
  A fire giant (shapeshifter) (Vaults:5)
  13 vault wardens
  6 draconian knights
  5 iron dragons
  Louise (Snake:3)
  Aizul (Snake:3)
  12 deep elf sorcerers
  5 draconian shifters
  18 ironheart preservers
  A ghoul (Vaults:1)
  4 deep elf elementalists
  5 draconian stormcallers
  21 very ugly things
  5 spriggan defenders
  14 stone giants
  2 reapers (Hell)
  5 war gargoyles
  9 draconian annihilators
  2 vampire knights
  21 green draconians
  14 black draconians
  An entropy weaver (Vaults:5)
  6 deep elf demonologists
  11 white draconians
  A dire elephant (D:15)
  16 purple draconians
  Azrael (D:13)
  14 yellow draconians
  A minotaur (Gauntlet)
  2 spark wasps (Depths:4)
  10 deep elf annihilators
  15 red draconians
  10 merfolk javelineers
  2 jiangshi (Depths:4)
  4 deep elf death magi
  2 blizzard demons (Hell)
  12 ettins
  15 yaktaur captains
  2 crystal guardians
  A green death (Hell)
  9 merfolk impalers
  7 fire dragons
  3 deep elf high priests
  12 hydras
  8 great orbs of eyes
  Erolcha (Orc:2)
  Harold (D:10)
  26 vault guards
  11 ice dragons
  14 naga warriors
  7 rakshasas
  7 spriggan air magi
  4 merfolk avatars
  3 catoblepae (Lair:6)
  3 satyrs
  6 centaur warriors
  A queen ant (shapeshifter) (Depths:2)
  37 two-headed ogres
  2 death knights
  8 death yaks (Lair:6)
  28 anacondas
  A queen ant (Gauntlet)
  8 tengu warriors
  7 hell hogs (Hell)
  7 deep troll earth magi
  4 vampire magi
  4 merfolk aquamancers
  9 deep troll shamans
  27 dancing weapons
  3 spriggan berserkers
  15 ogre magi
  3 soul eaters (Hell)
  13 naga sharpshooters
  5 shock serpents
  Nergalle (Orc:2)
  14 deep elf knights
  29 hell knights
  Sonja (D:10)
  2 sun demons (Hell)
  18 sea snakes
  3 death drakes (Depths:5)
  6 iron trolls
  A salamander mystic (Snake:4)
  11 skeletal warriors
  3 shadow wraiths
  An unseen horror (D:13)
  2 storm dragon skeletons
  An anaconda zombie (Hell)
  31 deep trolls
  A swamp dragon (Snake:3)
  4 glowing orange brains
  8 wizards
  17 deep elf archers
  5 flayed ghosts
  14 ironbrand convokers
  9 naga ritualists
  8 lindwurms (Depths:5)
  27 harpies
  59 deep elf magi
  14 orc knights
  2 phantasmal warriors
  A wolf spider zombie (D:15)
  7 necromancers
  27 ugly things
  10 mana vipers
  2 oklob plants (Lair:6)
  15 fauns
  10 cyclopes
  A tengu skeleton (Vaults:3)
  7 salamanders
  13 orc sorcerers
  17 manticores
  A sphinx skeleton (Vaults:3)
  A manticore (shapeshifter) (Vaults:5)
  3 wolf spiders
  4 elephants (Lair:6)
  2 frost giant zombies
  Maurice (Orc:1)
  A stone giant skeleton (Vaults:3)
  9 merfolk sirens
  34 moths of wrath
  A black mamba (shapeshifter) (Vaults:4)
  2 ice statues (Hell)
  8 guardian serpents
  4 rust devils (Hell)
  32 black mambas
  13 naga magi
  5 water nymphs
  Joseph (D:8)
  14 vault sentinels
  Psyche (D:8)
  A gargoyle (D:15)
  5 spiny frogs
  A torpor snail (Gauntlet)
  An efreet (D:13)
  2 rime drakes
  A minotaur zombie (Gauntlet)
  6 freezing wraiths
  63 yaktaurs
  A rime drake (shapeshifter) (Vaults:5)
  2 komodo dragons
  A tormentor (Hell)
  A komodo dragon (shapeshifter) (Depths:2)
  2 yaktaur skeletons
  2 ice devils (Hell)
  A troll (shapeshifter) (Vaults:1)
  2 hydra zombies (Hell)
  3 red devils
  32 merfolk
  6 tengu conjurers
  13 trolls
  A polar bear (shapeshifter) (Depths:1)
  A polar bear (Lair:5)
  6 human skeletons
  A queen bee (shapeshifter) (Vaults:4)
  12 wind drakes
  2 hydra skeletons (Hell)
  A harpy skeleton (D:15)
  2 meliai (shapeshifter)
  15 hippogriffs
  6 hornets
  A raiju (shapeshifter) (D:14)
  10 blink frogs
  25 slime creatures
  8 dream sheep
  A human simulacrum (Vaults:1)
  9 snapping turtles
  A fire giant simulacrum (Vaults:3)
  5 wraiths
  An air elemental (Elf:3)
  A spriggan (Depths:3)
  4 shadows
  A tarantella (Vaults:5)
  2 vampires
  Eustachio (D:5)
  18 water elementals
  A tarantella (shapeshifter) (Depths:1)
  11 fire elementals
  2 wyverns
  54 yaks
  8 basilisks
  A steam dragon (D:13)
  2 hungry ghosts
  11 vampire mosquitoes
  4 wargs
  38 nagas
  2 swamp worms (Snake:3)
  6 soldier ants
  4 hell hounds (D:13)
  2 acid dragons (D:14)
  2 hydra simulacra (Hell)
  A floating eye (Depths:2)
  A deep troll skeleton (Vaults:3)
  12 water moccasins
  7 porcupines
  An elf zombie (Vaults:1)
  32 orc warriors
  A hornet zombie (D:13)
  4 sky beasts
  A swamp drake (Depths:5)
  A human zombie (Vaults:3)
  5 ice beasts
  2 black bears
  3 eyes of draining
  9 wolves
  2 boggarts
  42 ogres
  An eye of draining (shapeshifter) (Depths:4)
  An elf skeleton (Vaults:3)
  21 centaurs
  16 crocodiles
  8 big kobolds
  23 bullfrogs
  5 earth elementals
  2 gnoll sergeants
  A spiny frog simulacrum (Hell)
  4 scorpions
  9 killer bees
  A wyvern skeleton (D:8)
  10 howler monkeys
  8 wights
  5 electric eels
  6 crimson imps
  2 bullfrog zombies
  7 hounds
  2 bullfrog skeletons
  6 centaur skeletons
  34 orc wizards
  Crazy Yiuf (D:4)
  3 centaur zombies
  A gnoll shaman (D:6)
  13 orc priests
  4 iguanas
  3 iron imps (Hell)
  5 worker ants
  2 hound zombies
  2 hound skeletons
  3 worker ant zombies (D:6)
  A howler monkey zombie (D:5)
  16 gnolls
  13 adders
  3 white imps
  An adder skeleton (D:5)
  An adder zombie (D:7)
  3 worms
  3 dart slugs
  4 leopard geckos
  105 orcs
  A bat zombie (D:3)
  9 goblins
  4 hobgoblins
  6 jackals
  29 kobolds
  8 quokkas
  A ball python (D:3)
  9 bats
  3 frilled lizards
  7 rats
  A bush (Depths:5)
  2 fungi
  3 plants (Depths:3)
2301 creatures vanquished.

Vanquished Creatures (others)
  A lich (Depths:2)
  A draconian monk (Zot:4)
  A necromancer (Depths:3)
  A merfolk siren (Shoals:2)
  An elephant (Lair:6)
  3 wind drakes (Depths:5)
  An ogre (Vaults:5)
  2 fungi (Lair:6)
  24 plants
  11 tentacles
46 creatures vanquished.

Grand Total: 2347 creatures vanquished

Notes
Turn   | Place    | Note
-------+----------+-------------------------------------------
     0 | D:1      | kirsanium the Deep Dwarf Fighter began the quest for the
                  | Orb.
     0 | D:1      | Reached XP level 1. HP: 20/20 MP: 1/1
   146 | D:1      | Reached XP level 2. HP: 25/27 MP: 2/2
   291 | D:1      | You fall into a shaft and drop 1 floor!
   763 | D:2      | Reached XP level 3. HP: 22/33 MP: 3/3
   938 | D:2      | Reached skill level 3 in Axes
  1498 | D:3      | Found a shimmering blue altar of Sif Muna.
  1498 | D:3      | Found a stormy altar of Qazlal.
  1500 | D:3      | Found a snail-covered altar of Cheibriados.
  1502 | D:3      | Found a shimmering altar of Xom.
  1503 | D:3      | Found an ornate altar of the Wu Jian Council.
  1551 | D:3      | Reached XP level 4. HP: 19/42 MP: 4/4
  1557 | D:3      | Found an ancient bone altar of Kikubaaqudgha.
  2083 | D:4      | Reached XP level 5. HP: 33/49 MP: 5/5
  2114 | D:4      | Reached skill level 4 in Axes
  2200 | D:4      | Reached skill level 5 in Shields
  2267 | D:4      | Found a runed translucent door.
  2355 | D:4      | Reached XP level 6. HP: 35/56 MP: 6/6
  2855 | D:4      | Noticed erzklaus's ghost (amateur DrCj)
  2886 | D:4      | Found a runed translucent door.
  2887 | D:4      | Noticed Crazy Yiuf
  2894 | D:4      | Killed Crazy Yiuf
  2894 | D:4      | Reached skill level 5 in Axes
  2925 | D:5      | Entered Level 5 of the Dungeon
  2971 | D:5      | Found a hide-covered altar of Uskayaw.
  3023 | D:5      | Reached XP level 7. HP: 29/63 MP: 6/6
  3077 | D:5      | Noticed Eustachio
  3107 | D:5      | Killed Eustachio
  3139 | D:5      | Found an iron altar of Okawaru.
  3157 | D:5      | Reached skill level 6 in Axes
  3157 | D:5      | Reached skill level 5 in Armour
  3245 | D:5      | Found a bloodstained altar of Trog.
  3254 | D:5      | Reached XP level 8. HP: 49/73 MP: 0/7
  3545 | D:5      | Found Qusilyox's Assorted Antiques.
  3554 | D:5      | Bought a pair of runed boots for 127 gold pieces
  3861 | D:6      | Found a runed translucent door.
  3868 | D:6      | Noticed Mrkan's ghost (novice TrMo)
  3888 | D:6      | Found a runed translucent door.
  3920 | D:6      | Reached skill level 7 in Axes
  4134 | D:6      | Found an opulent altar of Gozag.
  4367 | D:6      | Reached skill level 5 in Fighting
  4520 | D:7      | Found a staircase to the Ecumenical Temple.
  4540 | Temple   | Entered the Ecumenical Temple
  4551 | Temple   | Became a worshipper of Makhleb the Destroyer
  4652 | D:7      | Identified the ring of Myp Kago {*Contam rElec rPois rCorr
                  | Str+7}
  4659 | D:7      | Gained mutation: You passively map the area around you.
                  | [Deep Dwarf growth]
  4659 | D:7      | Reached XP level 9. HP: 27/81 MP: 8/8
  4679 | D:7      | Reached skill level 8 in Axes
  4833 | D:7      | Found a hazy altar of Hepliaklqana.
  5313 | D:8      | Noticed Psyche
  5330 | D:8      | Killed Psyche
  5357 | D:8      | Found the amulet of the Four Winds {rN+ MR+++ Clar}
  5410 | D:8      | Noticed Joseph
  5421 | D:8      | Killed Joseph
  5421 | D:8      | Reached skill level 9 in Axes
  5692 | D:8      | Reached XP level 10. HP: 46/91 MP: 9/9
  5838 | D:8      | Reached skill level 10 in Shields
  5858 | D:8      | Reached * piety under Makhleb
  6125 | D:8      | Found a white marble altar of Elyvilon.
  6144 | D:8      | Reached skill level 10 in Axes
  6354 | D:9      | Found Vouniut's Armour Shoppe.
  6408 | D:9      | Reached ** piety under Makhleb
  6611 | D:9      | Found a runed translucent gate.
  6614 | D:9      | Found a runed translucent gate.
  6615 | D:9      | Found a runed translucent gate.
  6616 | D:9      | Noticed NeAGen181's ghost (novice DDNe)
  6621 | D:9      | Identified the +11 plate armour of Dyspraxia {rF+ rCorr
                  | Int+4}
  6757 | D:9      | Noticed a two-headed ogre
  6766 | D:9      | Killed a two-headed ogre
  6851 | D:9      | Found a staircase to the Lair.
  6882 | D:9      | Noticed a two-headed ogre
  6891 | D:9      | Killed a two-headed ogre
  6891 | D:9      | Reached skill level 11 in Axes
  6891 | D:9      | Reached XP level 11. HP: 67/99 MP: 9/9
  6944 | D:9      | Found a roughly hewn altar of Beogh.
  6972 | D:10     | Entered Level 10 of the Dungeon
  6972 | D:10     | Noticed Sonja
  6975 | D:10     | Killed Sonja
  7061 | D:10     | Paralysed by a hornet for 3 turns
  7287 | D:10     | Noticed Harold
  7311 | D:10     | Killed Harold
  7343 | D:10     | Noticed an orc knight
  7361 | D:10     | Reached *** piety under Makhleb
  7374 | D:10     | Killed an orc knight
  7398 | D:10     | Got an ancient bronze amulet
  7403 | D:10     | Identified the amulet "Dimij" {Faith rElec MR+} (You found
                  | it on level 10 of the Dungeon)
  7422 | D:10     | Found the +4 dagger "Morg" {pain, MR+ Int+5}
  7551 | D:10     | Noticed a tengu warrior
  7568 | D:10     | Killed a tengu warrior
  7568 | D:10     | Reached skill level 12 in Axes
  7981 | Lair:1   | Entered Level 1 of the Lair of Beasts
  8116 | Lair:1   | Noticed a seven-headed hydra
  8291 | D:11     | Found the +3 salamander hide armour {+Rage rF++}
  8349 | D:11     | Found Ubiesyt's Distillery.
  8516 | D:11     | Reached **** piety under Makhleb
  8516 | D:11     | Reached XP level 12. HP: 95/110 MP: 9/9
  9101 | D:12     | Noticed a death knight
  9101 | D:12     | Noticed a two-headed ogre
  9304 | D:12     | Killed a death knight
  9381 | D:12     | Killed a two-headed ogre
  9401 | D:12     | Reached skill level 13 in Axes
  9559 | D:12     | Reached ***** piety under Makhleb
  9624 | D:12     | Found a staircase to the Orcish Mines.
  9738 | D:12     | Reached skill level 10 in Armour
  9956 | Orc:1    | Entered Level 1 of the Orcish Mines
  9956 | Orc:1    | Noticed Maurice
  9977 | Orc:1    | Killed Maurice
 10175 | Orc:2    | Entered Level 2 of the Orcish Mines
 10374 | Orc:2    | Found Xahiap's Magic Scroll Boutique.
 10382 | Orc:2    | Bought a scroll of blinking for 90 gold pieces
 10524 | Orc:2    | Found a large runed translucent door.
 10524 | Orc:2    | Found a large runed translucent door.
 10529 | Orc:2    | Noticed deadmann's ghost (journeyman MiFi)
 10592 | Orc:2    | Reached XP level 13. HP: 113/120 MP: 10/10
 10607 | Orc:2    | Found Unupsu's Distillery.
 10653 | Orc:2    | Found a radiant altar of Vehumet.
 10654 | Orc:2    | Noticed Erolcha
 10666 | Orc:2    | Killed Erolcha
 10667 | Orc:2    | Reached skill level 14 in Axes
 10691 | Orc:2    | Noticed Nergalle
 10704 | Orc:2    | Killed Nergalle
 10705 | Orc:2    | Found an ancient bone altar of Kikubaaqudgha.
 10720 | Orc:2    | Found a roughly hewn altar of Beogh.
 10720 | Orc:2    | Found Meguvvitz's Antique Armour Shop.
 10735 | Orc:2    | Gained mutation: Your magical capacity is low. (-10% MP) [a
                  | neqoxec]
 10745 | Orc:2    | Found Dybegiak's Book Boutique.
 10764 | Orc:2    | Found Omaipil's Magic Scroll Boutique.
 10776 | Orc:2    | Bought a scroll of teleportation for 48 gold pieces
 10847 | Orc:2    | Found a staircase to the Elven Halls.
 11463 | D:13     | Reached ****** piety under Makhleb
 11744 | D:13     | Noticed Azrael
 11785 | D:13     | Killed Azrael
 11785 | D:13     | Reached skill level 15 in Shields
 12098 | D:13     | Reached skill level 15 in Axes
 12551 | D:5      | Bought the +10 morningstar "Eos" {elec, Halo rElec} for
                  | 1258 gold pieces
 12551 | D:5      | Found the +10 morningstar "Eos" {elec, Halo rElec}
 12669 | Lair:1   | Reached skill level 1 in Evocations
 12865 | Lair:1   | Reached skill level 1 in Dodging
 13237 | Lair:2   | Gained mutation: You resist negative energy. (rN+) [Deep
                  | Dwarf growth]
 13237 | Lair:2   | Reached XP level 14. HP: 114/130 MP: 11/11
 13262 | Lair:2   | You fall into a shaft and drop 1 floor!
 13272 | Lair:3   | Found a gate leading to a gauntlet.
 13281 | Gauntlet | Entered a Gauntlet
 13281 | Gauntlet | Found a transporter.
 13288 | Gauntlet | Found a transporter.
 13290 | Gauntlet | Found a transporter.
 13295 | Gauntlet | Found a runed translucent door.
 13296 | Gauntlet | Found a runed translucent door.
 13299 | Gauntlet | Found a transporter.
 13301 | Gauntlet | Found a transporter.
 13309 | Gauntlet | Found a transporter.
 13324 | Gauntlet | Found a transporter.
 13328 | Gauntlet | Found a runed translucent door.
 13335 | Gauntlet | Found a transporter.
 13345 | Gauntlet | Found a transporter.
 13362 | Gauntlet | Found a transporter.
 13368 | Gauntlet | Found a transporter.
 13370 | Gauntlet | Found a transporter.
 13527 | Gauntlet | Found a transporter.
 13574 | Gauntlet | Got a pair of fine boots
 13585 | Gauntlet | Identified the +1 pair of boots of the Elven Halls {+Fly}
                  | (You found it in a Gauntlet)
 13604 | Gauntlet | Identified the ring of Surprise {rPois rC+ Str-4 Dex+2}
 13775 | Lair:3   | Reached skill level 5 in Evocations
 13889 | Lair:3   | Found a transporter.
 14224 | Lair:3   | Found a transporter.
 14675 | Orc:2    | Bought a polished helmet for 247 gold pieces
 14682 | Orc:2    | Identified the cursed +0 helmet of the Bull {rF- Regen+
                  | Str+9 Int+3} (You bought it in a shop on level 2 of the
                  | Orcish Mines)
 14857 | Orc:1    | Found Qom Dud's Jewellery Shop.
 14918 | Orc:1    | Reached skill level 10 in Fighting
 15247 | Lair:2   | Found a staircase to the Snake Pit.
 15686 | Lair:4   | Reached skill level 5 in Dodging
 16261 | Lair:4   | Found a staircase to the Shoals.
 17015 | Lair:6   | Entered Level 6 of the Lair of Beasts
 17273 | Lair:6   | Identified the ring "Simm" {AC+3 Int+3} (You found it on
                  | level 6 of the Lair of Beasts)
 17407 | Lair:6   | Reached skill level 10 in Evocations
 17420 | Lair:6   | Reached XP level 15. HP: 134/140 MP: 17/17
 17445 | Lair:6   | Found a staircase to the Slime Pits.
 18344 | Orc:2    | Bought a shimmering chain mail for 247 gold pieces
 18344 | Orc:2    | Identified the cursed +1 chain mail of Joy {rF+ rC++} (You
                  | bought it in a shop on level 2 of the Orcish Mines)
 18851 | D:14     | Found a runed translucent door.
 18853 | D:14     | Noticed a lich
 18854 | D:14     | Found a runed translucent door.
 18855 | D:14     | Noticed Imiczer's ghost (journeyman FoFi)
 18915 | D:14     | Found a gate to the Vaults.
 19184 | D:14     | You fall into a shaft and drop 1 floor!
 19184 | D:15     | Entered Level 15 of the Dungeon
 19383 | D:15     | Found a white marble altar of Elyvilon.
 19763 | D:15     | Found a staircase to the Depths.
 20172 | Shoals:1 | Entered Level 1 of the Shoals
 20594 | Shoals:1 | Reached XP level 16. HP: 151/154 MP: 18/18
 20610 | Shoals:1 | Reached skill level 15 in Armour
 21351 | Shoals:2 | Noticed a kraken
 21495 | Shoals:2 | Noticed a kraken
 21561 | Shoals:3 | Found Mofatez's Distillery.
 21568 | Shoals:3 | Bought a potion of heal wounds for 95 gold pieces
 21568 | Shoals:3 | Bought 2 potions of haste for 380 gold pieces
 21568 | Shoals:3 | Bought a potion of heal wounds for 95 gold pieces
 21568 | Shoals:3 | Bought a potion of heal wounds for 95 gold pieces
 22041 | Shoals:4 | Entered Level 4 of the Shoals
 22189 | Shoals:3 | Found Yrifuxoc's Gadget Shoppe.
 22656 | Shoals:4 | Identified the cursed +1 plate armour "Vekuhira" {Dex+4
                  | Stlth+} (You found it on level 4 of the Shoals)
 22723 | Shoals:4 | Reached XP level 17. HP: 133/168 MP: 17/17
 23117 | Shoals:4 | Got a barnacled rune of Zot
 23315 | Shoals:4 | Noticed a kraken
 23389 | Shoals:4 | Reached skill level 15 in Fighting
 23729 | Snake:1  | Entered Level 1 of the Snake Pit
 24301 | Snake:2  | Found a stormy altar of Qazlal.
 24547 | Snake:2  | Found a shimmering blue altar of Sif Muna.
 25482 | Snake:3  | Noticed Aizul
 25504 | Snake:3  | Killed Aizul
 25577 | Snake:3  | Noticed Louise
 25589 | Snake:3  | Killed Louise
 25589 | Snake:3  | Gained mutation: You passively map a large area around you.
                  | [Deep Dwarf growth]
 25589 | Snake:3  | Reached XP level 18. HP: 160/181 MP: 17/17
 25813 | Snake:4  | Entered Level 4 of the Snake Pit
 25985 | Snake:4  | Noticed Vashnia
 26000 | Snake:4  | Killed Vashnia
 26160 | Snake:4  | Reached skill level 16 in Axes
 26585 | Snake:4  | Reached skill level 17 in Axes
 26713 | Snake:4  | Got a serpentine rune of Zot
 27362 | Elf:1    | Entered Level 1 of the Elven Halls
 27452 | Elf:1    | Found Kailoxa's Jewellery Shop.
 27453 | Elf:1    | Found Hevuuppo's Gadget Shoppe.
 27454 | Elf:1    | Found Duyzxy's Jewellery Shop.
 27625 | Elf:1    | Identified the cursed +0 helmet "Fiafeuh" {rF- rC+ Str+4}
                  | (You found it on level 1 of the Elven Halls)
 27758 | Elf:1    | Reached XP level 19. HP: 190/190 MP: 15/15
 28085 | Elf:1    | Identified a scroll of acquirement
 28110 | Elf:1    | Identified the Reference Book on Supportive Confrontation
 28292 | Elf:2    | Identified the Almanac of Combed Thunderclap
 28318 | Elf:2    | Identified Gidoniy's Almanac of Sand
 28326 | Elf:2    | Identified the Compendium of Axaxaxas mlö
 28408 | Elf:2    | Found a runed translucent gate.
 28410 | Elf:2    | Found a runed translucent gate.
 28413 | Elf:2    | Found a runed translucent gate.
 28444 | Elf:2    | Noticed Roxanne
 28462 | Elf:2    | Reached skill level 18 in Axes
 28491 | Elf:2    | Killed Roxanne
 29111 | Elf:3    | Entered Level 3 of the Elven Halls
 29223 | Elf:3    | Noticed a Tzitzimitl
 29276 | Elf:3    | Reached XP level 20. HP: 204/204 MP: 16/16
 29407 | Elf:3    | Identified the Handbook of Flames and Poisoning
 29419 | Elf:3    | Identified the cursed +0 plate armour of Akkaif {rF+ MR++}
                  | (You found it on level 3 of the Elven Halls)
 29437 | Elf:3    | Got a warped lapis lazuli ring
 29438 | Elf:3    | Identified the ring of Nobility {Wiz MR+ Str+3 Dex+4} (You
                  | found it on level 3 of the Elven Halls)
 29458 | Elf:3    | Found the +0 staff of Battle
 29458 | Elf:3    | Identified the +8 glaive "Fusufaoto" {holy, rElec}
 29467 | Elf:3    | Identified the Catalogue of Companions
 29590 | Elf:3    | Identified the ring "Manguwn" {MR++ Str+3} (You found it on
                  | level 3 of the Elven Halls)
 29604 | Elf:3    | Identified the Guide on Earthen Envenoming
 30447 | Vaults:1 | Entered Level 1 of the Vaults
 31441 | Vaults:1 | Noticed Saint Roka
 31501 | Vaults:1 | Killed Saint Roka
 32614 | Vaults:2 | Reached skill level 19 in Axes
 33102 | Vaults:2 | Reached XP level 21. HP: 146/216 MP: 17/17
 33106 | Vaults:2 | Identified the +5 pair of boots of Hadjma {Stlth+} (You
                  | acquired it on level 2 of the Vaults)
 33226 | Vaults:2 | Found Wirpha's Antique Weapon Emporium.
 33557 | Vaults:3 | Found Kosulura's Assorted Antiques.
 33560 | Vaults:3 | Bought a scroll of blinking for 225 gold pieces
 33560 | Vaults:3 | Bought a potion of heal wounds for 150 gold pieces
 33795 | Vaults:3 | Found a staircase to the Crypt.
 33982 | Vaults:3 | Found a runed translucent gate.
 33982 | Vaults:3 | Found a runed translucent gate.
 33982 | Vaults:3 | Found a runed translucent gate.
 34044 | Vaults:3 | Identified the +1 chain mail of the Purple Skies {rPois
                  | rCorr Int+4} (You found it on level 3 of the Vaults)
 34587 | Vaults:3 | Reached skill level 20 in Axes
 34615 | Vaults:3 | Found an opulent altar of Gozag.
 34620 | Vaults:3 | Found Damonwot's Assorted Antiques.
 34621 | Vaults:3 | Noticed a golden dragon
 34621 | Vaults:3 | Noticed garrulousMonolith's ghost (veteran GnFi)
 34858 | Vaults:3 | Identified the +0 pair of gloves of the Sea {rPois rF+ rC+
                  | Str+2} (You found it on level 3 of the Vaults)
 36162 | Depths:1 | Entered Level 1 of the Depths
 36507 | Depths:1 | Noticed a golden dragon
 36520 | Depths:1 | Killed a golden dragon
 36531 | Depths:1 | Reached XP level 22. HP: 215/228 MP: 18/18
 37479 | Depths:1 | Found a gateway to Hell.
 37876 | Depths:2 | Reached skill level 21 in Axes
 38165 | Depths:2 | Got a heavily runed turquoise ring
 38167 | Depths:2 | Identified the ring "Jujeggen" {rC+ rCorr} (You found it on
                  | level 2 of the Depths)
 38168 | Depths:2 | Identified the ring of Unogoni {rPois rN+ MP-9 Str+2 Int+4
                  | Dex+3} (You found it on level 2 of the Depths)
 38173 | Depths:2 | Identified the ring of Epysoraz {rElec EV+2} (You found it
                  | on level 2 of the Depths)
 38268 | Depths:2 | Noticed the Enchantress
 38268 | Depths:2 | Noticed a golden dragon
 38273 | Depths:2 | Noticed an ancient lich
 38285 | Depths:2 | Killed an ancient lich
 38287 | Depths:2 | Killed a golden dragon
 38314 | Depths:2 | Identified the +11 lajatang "Olyapp" {freeze, rPois rF+}
 38315 | Depths:2 | Killed the Enchantress
 38479 | Depths:2 | Paralysed by a floating eye for 3 turns
 38665 | Depths:2 | Found a one-way gate leading to the halls of Pandemonium.
 39004 | Depths:3 | Identified the +4 shield "Xaumieja" {rPois MR+ Int-4 Dex+5}
                  | (You found it on level 3 of the Depths)
 39037 | Depths:3 | Reached skill level 22 in Axes
 39045 | Depths:3 | Found a flickering gateway to a bazaar.
 39064 | Bazaar   | Entered a bazaar
 39069 | Bazaar   | Found Fosas's Jewellery Boutique.
 39087 | Bazaar   | Found Diqiuw's Antique Armour Emporium.
 39104 | Bazaar   | Found Qokhagul's Book Boutique.
 39121 | Bazaar   | Found Ledez's Jewellery Shoppe.
 39521 | Depths:3 | Got a slimy ivory amulet
 39522 | Depths:3 | Identified the amulet "Lota" {-Tele +Rage rPois Dex+4
                  | Slay+5} (You found it on level 3 of the Depths)
 39973 | Depths:3 | Reached XP level 23. HP: 240/240 MP: 19/19
 40099 | Depths:4 | Reached skill level 23 in Axes
 40138 | Depths:4 | Found a one-way gate to the infinite horrors of the Abyss.
 40576 | Depths:4 | Noticed a juggernaut
 40585 | Depths:4 | Killed a juggernaut
 40585 | Depths:4 | Reached skill level 24 in Axes
 40597 | Depths:4 | Noticed a caustic shrike
 40608 | Depths:4 | Killed a caustic shrike
 40906 | Hell     | Entered the Vestibule of Hell
 40906 | Hell     | Noticed Geryon
 41042 | Hell     | Killed Geryon
 41082 | Hell     | Found a gateway to the decaying netherworld of Tartarus.
 41160 | Hell     | Reached skill level 25 in Axes
 41293 | Hell     | Found a gateway to the Iron City of Dis.
 41364 | Hell     | Found a gateway to the ashen valley of Gehenna.
 41497 | Hell     | Found a gateway to the freezing wastes of Cocytus.
 41545 | Depths:5 | Entered Level 5 of the Depths
 41559 | Depths:5 | Found a gateway to a ziggurat.
 41755 | Depths:5 | Found Gagu's Distillery.
 41755 | Depths:5 | Found Egetwum's Armour Boutique.
 41773 | Depths:5 | Bought a potion of heal wounds for 70 gold pieces
 41773 | Depths:5 | Bought a potion of heal wounds for 70 gold pieces
 41773 | Depths:5 | Bought a potion of resistance for 140 gold pieces
 41773 | Depths:5 | Bought a potion of might for 56 gold pieces
 41773 | Depths:5 | Bought a potion of agility for 56 gold pieces
 41773 | Depths:5 | Bought a potion of might for 56 gold pieces
 41773 | Depths:5 | Bought a potion of mutation for 112 gold pieces
 41801 | Depths:5 | Reached XP level 24. HP: 244/244 MP: 19/19
 42088 | Depths:5 | Reached skill level 26 in Axes
 42486 | Depths:5 | Found a gate to the Realm of Zot.
 43192 | Vaults:5 | Entered Level 5 of the Vaults
 43202 | Vaults:5 | Reached skill level 27 in Axes
 43243 | Vaults:5 | Reached skill level 10 in Dodging
 43312 | Vaults:5 | Reached XP level 25. HP: 251/251 MP: 19/19
 43436 | Vaults:5 | Got a silver rune of Zot
 43440 | Vaults:5 | Identified the Compendium of Mutagenic Bewitchment
 43813 | Vaults:5 | Found the +2 cloak of the Thief {+Fog Slay-2 SInv Stlth+}
 43862 | Vaults:5 | Reached skill level 15 in Dodging
 44751 | Zot:1    | Entered Level 1 of the Realm of Zot
 44755 | Zot:1    | Noticed an orb of fire
 44762 | Zot:1    | Gained mutation: Scrolls take you a little longer to read.
                  | [an orb of fire]
 44766 | Zot:1    | Gained mutation: Armour fits poorly on your strangely
                  | shaped body. [an orb of fire]
 44770 | Zot:1    | Killed an orb of fire
 44792 | Zot:1    | Lost mutation: Scrolls take you a little longer to read.
                  | [potion of mutation]
 44792 | Zot:1    | Lost mutation: Your magical capacity is low. (-10% MP)
                  | [potion of mutation]
 44792 | Zot:1    | Gained mutation: You have large cloven feet. [potion of
                  | mutation]
 44792 | Zot:1    | Gained mutation: You have a pair of small antennae on your
                  | head. [potion of mutation]
 44792 | Zot:1    | Gained mutation: Your flesh is heat resistant. (rF+)
                  | [potion of mutation]
 45357 | Zot:2    | Reached XP level 26. HP: 261/261 MP: 13/22
 45401 | Zot:2    | Identified the +2 hat "Doimoez" {+Fly Str+2} (You acquired
                  | it on level 2 of the Realm of Zot)
 46971 | Zot:4    | Reached XP level 27. HP: 268/268 MP: 0/22
 47742 | Zot:5    | Entered Level 5 of the Realm of Zot
 48345 | Zot:5    | Noticed an ancient lich
 48366 | Zot:5    | Noticed an ancient lich
 48374 | Zot:5    | HP: 8/268 [something/lance of force (40)]
 48374 | Zot:5    | Collided with an unnaturally hard rock wall

Levels and vault maps discovered:
D:1:      giann_bridges, layout_basic, ebering_dispersal_statue_hall,
          minmay_tetromino_i2
D:2:      layout_loops_ring
D:3:      layout_loops_ring, lemuel_zombie_altar_kikubaaqudgha,
          grunt_temple_overflow_open
D:4:      layout_loops_cross, ebering_ghost_reflecting_pool,
          uniq_crazy_yiuf_cottage
D:5:      layout_cave_pods, eat_drink_and_be_merry_uskayaw,
          lemuel_crystal_altar, trog_eyes_of_draining, serial_shops,
          nicolae_shop_overgrown_old_shop, first_ration,
          minmay_fractal_squares_5, uniq_eustachio
D:6:      layout_basic, old_standard_altar, ebering_ghost_sewer_f,
          minmay_diced_spiral
D:7:      minmay_blocky_corners, layout_basic, lemuel_coloured_pillars_altar,
          minmay_temple_entry_wispy
D:8:      layout_loops_corners, old_standard_altar, uniq_psyche, uniq_joseph
D:9:      layout_cross, grunt_lair_entry_orc_guard_hut, serial_shops, shop,
          biasface_ghost_orc_armoury
D:10:     minmay_cut_squares, layout_stronghold, grunt_pizzeria, minmay_radiant,
          uniq_harold, uniq_sonja
D:11:     layout_stronghold, serial_shops, shop
D:12:     layout_roguey, kennysheep_orc_monster_closet_entryway,
          nrook_loot_triangle, minmay_misc_feat_tiny
D:13:     layout_loops_ring, chequers_jeans, uniq_azrael
D:14:     minmay_triangles_in_corner, layout_loops_ring, david_vaults_1,
          small_statue_alley_a, muffindrake_ghost_dual_entry,
          hangedman_abyss_or_decor_slice
D:15:     hangedman_depths_entry_try_elsewhere_first, layout_stronghold,
          elyvilon_altar_5
Temple:   eino_wide_crystal_templ
Lair:1:   layout_chaotic_city, grunt_megastairs_5, infiniplex_staircase_pool_2
Lair:2:   layout_hall_layers, minmay_snake_entry_guardpost_small,
          serial_bayou_pond_b, grunt_forest_small_clearing_treed
Lair:3:   gammafunk_cloud_chamber, layout_cave_shapes, gauntlet_entry_generic,
          minivault_25, nicolae_quartered_pool_medium, serial_bayou_pond_d,
          chequers_serial_rivers_micro_e
Lair:4:   dpeg_oklob_gauntlet, layout_regular_city, elwin_shoals_entry_rooms,
          chequers_serial_rivers_large_a
Lair:5:   layout_concentric_octagons, guppyfry_lair_drakes
Lair:6:   evilmike_catoblepas_cave, layout_gridlike,
          minmay_slime_entry_oklob_enclosed, serial_rivers,
          chequers_serial_rivers_small_a, chequers_serial_rivers_micro_e,
          chequers_serial_rivers_marsh, chequers_serial_rivers_micro_c,
          chequers_serial_rivers_small_3, chequers_serial_rivers_micro_e,
          lemuel_old_faithful
Shoals:1: layout_shoals, kb_tengu_band
Shoals:2: layout_shoals, st_sunken_huts
Shoals:3: layout_shoals, serial_shops, shop, nicolae_shoals_c_island
Shoals:4: shoals_end_grunt_ice, layout_shoals
Snake:1:  layout_rooms, grunt_megastairs_1
Snake:2:  layout_gridlike, hangedman_feature_mirror,
          nrook_guardian_serpent_double, serial_bayou_shore_b
Snake:3:  onia_ninara_swampy_vault, layout_gridlike, uniq_aizul, uniq_louise
Snake:4:  grunt_snake_rune_serpentine_throne, layout_cave_town, uniq_vashnia
Orc:1:    layout_caves, serial_shops, shop_statue, uniq_maurice
Orc:2:    kennysheep_orc_mage_school, layout_caves, ebering_ghost_disaster_area,
          serial_shops, shop
Elf:1:    minmay_elf_arrival_summoners, layout_geoelf_grid, minmay_elf_sorcery,
          drop_trap, minmay_shop_grove
Elf:2:    layout_geoelf_grid, bh_hangedman_babel_library, uniq_roxanne
Elf:3:    minmay_elf_hall_furrowed, layout_gridlike
Vaults:1: v_rooms_3, vaults_room_pool, nicolae_vaults_c_with_doors, v_misc_24,
          v_misc_11, vaults_mumra_minichess, nicolae_vaults_network_barrier,
          vaults_mumra_minichess_inversion, ontoclasm_vaults_ligature,
          vaults_dpeg_hooks, layout_vaults_quadrants, uniq_saint_roka
Vaults:2: ontoclasm_vaults_ring_small, nicolae_vaults_network_periphery,
          ontoclasm_vaults_hangar, vaults_room_octagon, grunt_vaults_twisty,
          hangedman_vaults_nails, v_misc_14, ontoclasm_vaults_gallery,
          nicolae_vaults_windows_and_doors_thing, layout_vaults_maze_snakey,
          serial_shops, shop
Vaults:3: ebering_vaults_ghost_gozag, v_misc_8, vaults_dpeg_doors,
          nicolae_vaults_stairing_the_circle,
          minmay_crypt_entry_skeletal_spiral, grunt_vaults_hallway_short,
          ontoclasm_vaults_hangar, nicolae_vaults_mini_display_case,
          vaults_standard_mumra_x, vaults_room_door_ring, v_alt_pattern_5,
          v_misc_4, nicolae_vaults_little_squares_3, v_misc_17, st_cells,
          layout_vaults_ring, serial_shops, shop
Vaults:4: hangedman_vaults_stretched_pinwheel, vaults_dpeg_ring,
          nicolae_vaults_big_angled_halls, ontoclasm_vaults_pinch,
          grunt_vaults_swirl, v_pattern_3,
          vaults_standard_mumra_enter_the_diamond, hangedman_vaults_nails,
          vaults_room_door_ring, nicolae_vaults_specimen_jars,
          layout_vaults_big_room
Vaults:5: serial_shops
Depths:1: layout_basic, chequers_serial_rivers_micro_d, hell_entry,
          wad_scary_box
Depths:2: minmay_the_grid_plus_closed [minmay_the_grid_eight,
          minmay_the_grid_odd_star, minmay_the_grid_tri_star,
          minmay_the_grid_airy, minmay_the_grid_prize_shrinking_boxes],
          layout_long_grid, pan_entry, hangedman_coc_ice_floe,
          corexii_corridor_pit, infiniplex_staircase_split_hallway,
          uniq_enchantress
Depths:3: hangedman_stitches_corridor, layout_basic, hangedman_geh_valley,
          pan_entry, serial_shops, bzr_entry_gold, minmay_misc_feat_five,
          serial_bayou_shore_a, minmay_staircase_windowed_small
Depths:4: evilmike_horseshoe, layout_basic, abyss_entry, hell_entry
Depths:5: lemuel_castle_with_subvaults [lemuel_castle_interior_carwin_2],
          layout_gridlike, enter_ziggurat_a, hell_entry, rand_demon_pan_entry_9,
          abyss_entry, chequers_serial_rivers_small_a, minmay_shoptagon
Hell
Zot:1:    layout_misc_corridors
Zot:2:    layout_misc_corridors, st_single_dragon_hoard_2, bh_zot_ikea_curve,
          st_single_dragon_hoard_1, nicolae_zot_crop_circle
Zot:3:    layout_basic, st_stairs_5, grunt_ministairs_15
Zot:4:    layout_concentric_octagons, evilmike_ambush
          [evilmike_ambush_outer_basic, evilmike_ambush_inner_pond]
Zot:5:    layout_misc_corridors

Skill      XL: |  1  2  3  4  5  6  7  8  9 10 11 12 13 14 15 16 17 18 19 20 21 22 23 24 25 26 27 |
---------------+----------------------------------------------------------------------------------+-----
Shields        | 4 5 6 8 9 11 12 14 15 | 15.0
Axes           | 3 4 5 6 7 9 11 12 13 15 17 18 19 20 22 25 27 | 27.0
Fighting       | 3 4 5 6 7 8 9 10 12 14 16 18 19 20 21 | 21.0
Armour         | 4 5 6 7 8 9 10 11 12 14 16 18 19 20 21 22 | 22.0
Evocations     | 2 10 | 10.0
Dodging        | 2 6 12 18 23 24 | 24.7

Action                   |  1- 3 |  4- 6 |  7- 9 | 10-12 | 13-15 | 16-18 | 19-21 | 22-24 | 25-27 || total
-------------------------+-------+-------+-------+-------+-------+-------+-------+-------+-------++-------
Melee: War axe           |    97 |   134 |   340 |   859 |   324 |       |       |       |       ||  1754
       Hand axe          |       |    66 |    11 |       |       |       |       |       |       ||    77
       Morningstar       |       |       |       |       |   820 |  1445 |    41 |       |       ||  2306
       Executioner's axe |       |       |       |       |       |       |  1265 |  1213 |   888 ||  3366
       Unarmed           |       |       |       |       |       |       |       |       |     3 ||     3
Throw: Dart              |       |       |     3 |       |       |       |       |       |       ||     3
       Boomerang         |       |       |     3 |       |       |       |       |       |       ||     3
 Abil: Heal Wounds       |       |     3 |     7 |     9 |     2 |    15 |     3 |       |       ||    39
Evoke: Wand              |       |       |       |     4 |     2 |    16 |       |       |       ||    22
  Use: Scroll            |       |     6 |     8 |    10 |    12 |     6 |    17 |    13 |     7 ||    79
       Potion            |       |       |       |       |       |     1 |       |     3 |     1 ||     5
 Stab: Paralysed         |       |       |       |       |       |     2 |       |       |       ||     2
       Distracted        |       |       |       |       |       |       |     1 |       |     1 ||     2
  Eat: Chunk             |     2 |     5 |     8 |    13 |    22 |    21 |    27 |    19 |    11 ||   128
       Ration            |       |       |     1 |     1 |     4 |     2 |     1 |     2 |     1 ||    12
Armor: Scale mail        |    35 |    54 |    39 |       |       |       |       |       |       ||   128
       Plate armour      |       |       |   120 |   308 |   397 |       |       |       |       ||   825
       Chain mail        |       |       |       |       |   199 |   967 |   882 |       |       ||  2048
       Gold dragon scale |       |       |       |       |       |       |       |  1181 |   719 ||  1900
Dodge: Dodged            |    28 |    56 |   116 |   153 |   486 |   842 |   704 |   683 |   925 ||  3993
Block: Shield            |    57 |   106 |   219 |   534 |  1057 |  1767 |    23 |       |       ||  3763
